 Dungeon Sprint DCSS version 0.28-a0-258-g8de209e91f (webtiles) character file.

Game seed: 12729660155749607902

95 MikeHunt the Blocker (level 4, 0/35 HPs)
             Began as a Formicid Fighter on Aug 26, 2021.
             Slain by a human (11 damage)
             ... in the Dungeon (Sprint III: "The Ten Rune Challenge").
             The game lasted 00:02:01 (659 turns).

MikeHunt the Blocker (Formicid Fighter)              Turns: 659, Time: 00:02:01

Health: 0/35       AC:  6    Str: 20    XL:     4   Next: 95%
Magic:  4/4        EV:  9    Int:  8    God:
Gold:   23         SH: 10    Dex: 11    Spells: 3/3 levels left

rFire   . . .      SeeInvis +   a - +0 trident
rCold   . . .      Faith    .   c - +0 kite shield
rNeg    . . .      Spirit   .   b - +0 scale mail
rPois   +          Reflect  .   (helmet unavailable)
rElec   .          Harm     .   (no cloak)
rCorr   .          Rampage  .   (no gloves)
Will    .....                   (no boots)
Stlth   ..........              (no amulet)
HPRegen 0.11/turn               (no ring)
MPRegen 0.09/turn               (no ring)

@: no status effects
A: permanent stasis, dig shafts and tunnels, antennae 3, four strong arms,
deterioration 1, poison resistance
a: Dig


You were in the Dungeon.
You visited 1 branch You collected 23 gold pieces.

Inventory:

Hand Weapons
 a - a +0 trident (weapon)
Armour
 b - a +0 scale mail (worn)
 c - a +0 kite shield (worn)
Scrolls
 d - a scroll of holy word {unknown}
 e - 2 scrolls of identify {unknown}
 h - a scroll of immolation {unknown}
Potions
 f - 3 potions of flight
 g - 2 potions of magic
 i - a potion of attraction {unknown}
 j - 2 potions of mutation


   Skills:
 - Level 3.2 Fighting
 + Level 6.4 Polearms
 - Level 3.2 Armour
 + Level 8.3 Shields


You had 3 spell levels left.
You didn't know any spells.
Your spell library was empty.

Dungeon Overview and Level Annotations

Branches:
Dungeon (1/1)

Altars:
Okawaru
Trog
Uskayaw
Wu Jian
Beogh


Innate Abilities, Weirdness & Mutations

You cannot be hasted, slowed, berserked, paralysed or teleported.
You can dig through walls and to a lower floor.
You have a pair of large antennae on your head. (SInv)
Your four strong arms can wield two-handed weapons with a shield.
Your body sometimes deteriorates upon taking damage.
Your system is resistant to poisons. (rPois)


Message History

You feel clever.
You enter the shallow water.
Moving in this stuff is going to be slow.
You close the door.
You start resting.
Unknown command.
You start resting.
HP restored.
You open the door.
There is an open door to the Ecumenical Temple here.
There is a fountain of clear blue water here.
Okay, then.
Unknown command.
Okay, then.
Unknown command.
You open the door.
Found a hide-covered altar of Uskayaw and an iron altar of Okawaru. 2 humans come into view.
Found a rapier and a robe.
Found three altars.
The human shouts!
The human drinks a potion.
The human goes berserk!
The human drinks a potion.
The human seems to grow stronger.
There is an open door here.
The human barely misses you. You block the human's attack.
There is an open door to the Ecumenical Temple here.
The human rages.
The human hits you!
The human rages.
You enter the shallow water.
Moving in this stuff is going to be slow.
You block the human's attack. The human hits you!
You enter the shallow water.
Moving in this stuff is going to be slow.
The human hits you but does no damage. The human hits you.
The human closely misses you. You block the human's attack. The human hits you!
You block the human's attack. The human hits you!
You die...

▓..†..#....≈.♣♣♣♣.###+#
▓.....#...≈≈.♣♣...#....
▓.....#..≈≈≈≈.♣.p.'.⌠..
▓####'#..≈≈≈≈≈≈♣♣.#...#
▓[....#.≈≈≈≈≈≈....#.⌠.#
▓.....#.≈≈≈≈≈.....#...#
▓.....#p≈≈≈.......#+###
▓'#####p..........# {{
▓.....@...........#
▓▓▓▓▓▓▓▓▓▓▓▓▓▓▓▓▓▓▓ { {
{ { { { {{ {{


You could see 2 humans.

Vanquished Creatures
  A water elemental (D)
  A human (D)
  A wolf (D)
  4 rats (D)
7 creatures vanquished.

Vanquished Creatures (others)
  3 plants (D)
3 creatures vanquished.

Grand Total: 10 creatures vanquished

Notes
Turn   | Place    | Note
-------+----------+-------------------------------------------
     0 | D        | MikeHunt the Formicid Fighter began the quest for the Orb.
     0 | D        | Reached XP level 1. HP: 18/18 MP: 1/1
     7 | D        | Reached skill level 4 in Shields
    29 | D        | Noticed a wolf
    41 | D        | Killed a wolf
    42 | D        | Reached skill level 5 in Shields
    42 | D        | Reached XP level 2. HP: 2/24 MP: 2/2
    64 | D        | HP: 1/24 [human (6)]
    67 | D        | Reached skill level 6 in Shields
    67 | D        | Reached XP level 3. HP: 1/29 MP: 3/3
   261 | D        | Gained mutation: You are frail. (-10% HP) [potion of
                  | mutation]
   261 | D        | Gained mutation: Your system is resistant to poisons.
                  | (rPois) [potion of mutation]
   262 | D        | Lost mutation: You are frail. (-10% HP) [potion of
                  | mutation]
   262 | D        | Gained mutation: Your body sometimes deteriorates upon
                  | taking damage. [potion of mutation]
   368 | D        | Noticed a water elemental
   380 | D        | Killed a water elemental
   381 | D        | Reached skill level 8 in Shields
   381 | D        | Reached XP level 4. HP: 7/35 MP: 4/4
   636 | D        | Found a hide-covered altar of Uskayaw.
   636 | D        | Found an iron altar of Okawaru.
   637 | D        | Found a bloodstained altar of Trog.
   637 | D        | Found an ornate altar of the Wu Jian Council.
   637 | D        | Noticed a human
   637 | D        | Noticed a human
   659 | D        | Slain by a human

Illustrated notes

Levels and vault maps discovered:
D:        dungeon_sprint_mu [sprint_mu_entry_forest, sprint_mu_temple_rooms,
          sprint_mu_d1_horrors, sprint_mu_d2_genie, sprint_mu_d3_branching,
          sprint_mu_orc_legion, sprint_mu_elf_gauntlet, sprint_mu_hive_nellie,
          sprint_mu_lair_fedhas, sprint_mu_vaults_butterflies,
          sprint_mu_slime_circle, sprint_mu_swamp_cave, sprint_mu_snake_twists,
          sprint_mu_blade_basic, sprint_mu_crypt_lich, sprint_mu_tomb_spiral,
          sprint_mu_vestibule_basic, sprint_mu_gehenna_hellfire,
          sprint_mu_dis_giant, sprint_mu_tartarus_statrot,
          sprint_mu_cocytus_islands, sprint_mu_zot1]

Skill      XL: |  1  2  3 |
---------------+----------+-----
Shields        | 5 6 8 |  8.3
Polearms       | 4 6 |  6.4
Fighting       | |  3.2
Armour         | |  3.2

Action                   |  1- 3 |  4- 6 || total
-------------------------+-------+-------++-------
Melee: Trident           |    37 |       ||    37
  Use: Potion            |     6 |       ||     6
Armor: Scale mail        |     3 |     1 ||     4
Dodge: Dodged            |    13 |     2 ||    15
Block: Kite shield       |    11 |     4 ||    15

Table legend: (Time is in decaauts)
 A = Elapsed time spent in this place.
 B = Non-inter-level travel time spent in this place.
 C = Inter-level travel time spent in this place.
 D = Time resting spent in this place.
 E = Time spent auto-exploring this place.
 F = Levels seen in this place.
 G = Mean time per level.
                   A        B        C        D        E       F      G
               +--------+--------+--------+--------+--------+-----+--------+
         Total |    670 |    670 |      0 |    509 |      0 |   1 |  670.0 |
       Dungeon |    670 |    670 |      0 |    509 |      0 |   1 |  670.0 |
               +--------+--------+--------+--------+--------+-----+--------+

Top non-repeatable levels by time:
       D: 670 daAuts
